 Dungeon Crawl Stone Soup version 0.28.0-49-g6dfe1f597d (webtiles) character file.

Game seed: 16445421098082671907

34 Thatpatchoflichen the Cutter (level 3, -2/24 HPs)
             Began as a Kobold Monk on May 15, 2022.
             Slain by Sigmund
             ... wielding a +0 scythe
              (10 damage)
             ... on level 2 of the Dungeon.
             The game lasted 00:04:36 (1351 turns).

Thatpatchoflichen the Cutter (Kobold Monk)          Turns: 1351, Time: 00:04:36

Health: -2/24      AC:  2    Str:  8    XL:     3   Next: 50%
Magic:  3/3        EV: 16    Int: 11    God:
Gold:   18         SH:  0    Dex: 19    Spells: 2/2 levels left

rFire   . . .      SeeInvis .   a - +0 short sword
rCold   . . .      Faith    .   (no shield)
rNeg    . . .      Spirit   .   b - +0 robe
rPois   .          Reflect  .   (no helmet)
rElec   .          Harm     .   (no cloak)
rCorr   .          Rampage  .   (no gloves)
Will    .....                   (no boots)
Stlth   ++++......              (no amulet)
HPRegen 0.08/turn               (no ring)
MPRegen 0.08/turn               (no ring)

@: no status effects
A: small, no large weapons, nightstalker 3
a: no special abilities


You were on level 2 of the Dungeon.
You visited 1 branch of the dungeon, and saw 2 of its levels.

You collected 18 gold pieces.

Inventory:

Hand Weapons
 a - a +0 short sword (weapon)
Missiles
 j - 19 bolts
 k - 3 poisoned darts (quivered)
Armour
 b - a +0 robe (worn)
 h - a +0 scale mail
Scrolls
 c - a scroll of enchant armour {unknown}
 d - a scroll of amnesia {unknown}
 f - 2 scrolls of identify {unknown}
 g - a scroll of vulnerability {unknown}
 i - a scroll of magic mapping {unknown}
Potions
 e - a potion of lignification {unknown}
 l - a potion of mutation {unknown}


   Skills:
 + Level 3.8 Fighting
 + Level 4.7 Short Blades
 - Level 4.0 Dodging
 - Level 3.0 Stealth


You had 2 spell levels left.
You didn't know any spells.
Your spell library was empty.

Dungeon Overview and Level Annotations

Branches:
Dungeon (2/15)

Altars:

Annotations:
D:2 Sigmund


Innate Abilities, Weirdness & Mutations

You are small and have problems with some larger weapons.
You are completely attuned to the shadows.


Message History

You hit the dart slug.
The dart slug is almost dead.
The dart slug launches a dart at you. The slug dart hits you.
* * * LOW HITPOINT WARNING * * *
You hit the dart slug.
You kill the dart slug!
HP restored.
f - 2 scrolls labelled VAH FEUMIUDDUGHAP (gained 1)
l - a metallic blue potion A hobgoblin comes into view.
The helpless hobgoblin fails to defend itself.
You impale the hobgoblin!!
You kill the hobgoblin!
A rat comes into view.
You hit the rat.
You kill the rat!
You open the door.
There is an open door here.
Found a buckler.
Sigmund the Dreaded comes into view.
He is wielding a +0 scythe and carrying a wand of flame (12).
You see here a +0 buckler.
The helpless Sigmund fails to defend himself.
You impale Sigmund!!
Sigmund is severely wounded.
Sigmund barely misses you.
You hit Sigmund.
Sigmund is severely wounded.
You hit Sigmund but do no damage.
Sigmund is severely wounded.
Sigmund hits you with a +0 scythe!
You hit Sigmund but do no damage.
Sigmund is severely wounded.
You barely miss Sigmund.
Sigmund is severely wounded.
Sigmund zaps a wand.
The puff of flame hits you.
You closely miss Sigmund.
Sigmund is severely wounded.
Sigmund hits you with a +0 scythe!
You die...

# #.#.# ..######.#.#
...@@....#.#
...........####
.......[.......
...#######..... ...
####'####
#......####
####.......... ..
..#..........#####.#
#.#..........##.....


You could see Sigmund.

Vanquished Creatures
  A dart slug (D:2)
  A bat (D:1)
  An endoplasm (D:1)
  4 giant cockroaches (D:1)
  2 hobgoblins
  5 jackals (D:1)
  3 kobolds (D:1)
  4 ball pythons
  A frilled lizard (D:1)
  5 rats
27 creatures vanquished.

Notes
Turn   | Place    | Note
-------+----------+-------------------------------------------
     0 | D:1      | Thatpatchoflichen the Kobold Monk began the quest for the
                  | Orb.
     0 | D:1      | Reached XP level 1. HP: 14/14 MP: 1/1
   135 | D:1      | Reached XP level 2. HP: 16/19 MP: 2/2
   528 | D:1      | Reached XP level 3. HP: 17/23 MP: 3/3
  1340 | D:2      | Noticed Sigmund
  1351 | D:2      | Slain by Sigmund

Illustrated notes

Levels and vault maps discovered:
D:1:      dpeg_arrival_prison, layout_loops_ring
D:2:      layout_basic, nicolae_ecumenical_snake_handling, chequers_garden,
          st_stairs_4, uniq_sigmund, uniq_jessica

Skill      XL: |  1  2 |
---------------+-------+-----
Stealth        | 3 |  3.0
Dodging        | 4 |  4.0
Fighting       | |  3.8
Short Blades   | |  4.7

Action                   || total
-------------------------++-------
Melee: Short sword       ||   106
 Stab: Sleeping          ||     9
Armor: Robe              ||    14
Dodge: Dodged            ||    62
